 Dungeon Crawl Stone Soup version 0.19.0-11-g3fc08b3 (webtiles) character file.

4765 mopl the Schismatic (level 10, -14/42 HPs)
             Began as a Felid Abyssal Knight on Nov 8, 2016.
             Was an Elder of Lugonu.
             Demolished by a hell knight
             ... wielding a +0 broad axe of flaming
              (22 damage)
             ... in a volcano.
             The game lasted 00:30:20 (13144 turns).

mopl the Schismatic (Felid Abyssal Knight)         Turns: 13144, Time: 00:30:20

Health: -14/42     AC:  5    Str:  8      XL:     10   Next: 23%
Magic:  3/19       EV: 19    Int: 13 (14) God:    Lugonu [****..]
Gold:   225        SH:  0    Dex: 19      Spells: 3 memorised, 6 levels left
                                        Lives:  0   Deaths: 2

rFire  . . .     SeeInvis +       - Unarmed
rCold  . . .     Gourm    .     (armour unavailable)
rNeg   . . .     Faith    .     (shield unavailable)
rPois  .         Spirit   .     (helmet unavailable)
rElec  .         Reflect  .     (cloak unavailable)
rCorr  .         Harm     .     (gloves unavailable)
MR     ++...                    (boots unavailable)
Stlth  +++++.....               x - amulet of rage (curse)
                                A - ring of protection from magic
                                D - +3 ring of protection

@: quick
A: no armour, no weapons or thrown items, stealth, claws 1, fangs 3, see
invisible, carnivore 3, deterioration 1, speed 1, shaggy fur 2, slow metabolism
1, no device heal 1, sharp paws
a: Depart the Abyss, Bend Space, Banish, Corrupt, Renounce Religion, Evoke
Berserk Rage


You were in a volcano.
You worshipped Lugonu.
Lugonu was greatly pleased with you.
You were not hungry.

You visited 3 branches of the dungeon, and saw 12 of its levels.
You visited the Abyss 1 time.
You also visited: Volcano.

You collected 687 gold pieces.
You spent 462 gold pieces at shops.

Inventory:

Jewellery
 v - an uncursed ring of flight
 x - a cursed amulet of rage (around neck)
 A - a ring of protection from magic (right paw)
 D - a +3 ring of protection (left paw)
Wands
 b - a wand of paralysis (0/24)
 l - a wand of lightning (7/15)
 q - a wand of acid (3/15)
 H - a wand of confusion (34/48)
 K - a wand of polymorph (3/24)
 P - a wand of slowing (8/48)
Scrolls
 c - a scroll of silence {unknown}
 d - 5 scrolls of teleportation {unknown}
 e - 3 scrolls of noise {unknown}
 g - 8 scrolls of identify {unknown}
 h - 2 scrolls of immolation {unknown}
 k - 2 scrolls of enchant armour {unknown}
 m - 4 scrolls of recharging {unknown}
 n - 3 scrolls of blinking {unknown}
 o - 6 scrolls of magic mapping {unknown}
 w - 4 scrolls of remove curse {unknown}
 y - a scroll of holy word {unknown}
 F - 3 scrolls of fear {unknown}
 N - a scroll of enchant weapon {unknown}
 Q - a scroll of amnesia {unknown}
Potions
 f - 2 potions of cure mutation {unknown}
 i - 2 potions of haste {unknown}
 p - 2 potions of curing
 r - 2 potions of agility
 s - a potion of magic {unknown}
 u - 3 potions of brilliance {unknown}
 z - 2 potions of might {unknown}
 B - a potion of flight
 C - a potion of invisibility {unknown}
 G - a potion of lignification {unknown}
 I - a potion of heal wounds {unknown}
Comestibles
 a - 5 meat rations
 j - a beef jerky


   Skills:
 - Level 3.0 Fighting
 - Level 3.2 Dodging
 + Level 9.9 Stealth
 * Level 10.8 Unarmed Combat
 + Level 2.7 Spellcasting
 * Level 8.1 Hexes
 - Level 3.0 Ice Magic
 + Level 11.0 Invocations
 - Level 4.0 Evocations


You had 6 spell levels left.
You knew the following spells:

 Your Spells              Type           Power        Failure   Level  Hunger
b - Ensorcelled Hibernat  Hex/Ice        ###...       4%          2    ###....
c - Confuse               Hex            ###.....     2%          3    ###....
d - Tukima's Dance        Hex            ###.....     2%          3    ###....


Dungeon Overview and Level Annotations

Branches:
Dungeon (10/15)            Temple (1/1) D:7            Lair (1/6) D:10
    Orc (0/2) D:10

Altars:
Ashenzari
Elyvilon
Gozag
Nemelex Xobeh
Okawaru
Sif Muna
Vehumet

Shops:
D:7 !   D:8 :

Annotations:
D:9 bees
D:10 2 exclusions, Josephine
Abyss:1 Blork the orc


Innate Abilities, Weirdness & Mutations

You cannot wear armour.
You are incapable of wielding weapons or throwing items.
Your paws allow you to move quietly. (Stealth)
You have sharp claws.
You have razor-sharp teeth.
You have supernaturally acute eyesight. (SInv)
You are carnivorous and can eat meat at any time.
You cover ground quickly.
You are covered in thick fur. (AC +2)
You have a slow metabolism.
Your sharp claws are effective at attacking unaware monsters.
Your body sometimes deteriorates upon taking damage.
Potions and wands are less effective at restoring your health.


Message History

You close the door.
Something unseen opens the door.
You close the door.
Something unseen opens the door.
As you close the door, it creaks loudly!
Something unseen opens the door.
You close the door.
Something unseen opens the door.
You close the door.
Something unseen opens the door.
A molten gargoyle comes into view. It is wielding a flail.
You close the door.
A molten gargoyle opens the door.
Okay, then.
Unknown command.
Unknown command.
Okay, then.
Okay, then.
It was a potion of experience.
You feel more experienced!
Your Invocations skill gained 4 levels and is now at level 11!
Welcome back to level 10!
The hell knight hits you with a broad axe of flaming!!
Ouch! That really hurt!
You die...

#.......S≈≈≈...#
##...##.§§§...##
#8.8###.....##
##.## #.§..## #.#
##..## ####
##'########
##....##...##....##
#$.....†.∩9p.)....#
#$8..⌠.#...#@⌠..8.#
#$.....##'##......#
##....##.. ##....##
###8# #. ##8### #p
#. [.)# . p #$$$.
## ## ######


You could see a hell knight and a molten gargoyle.

Vanquished Creatures
  An unseen horror (D:10)
  A salamander (Volcano)
  A spiny frog (Lair:1)
  A troll (D:10)
  A wyvern (D:8)
  2 wraiths (D:10)
  5 yaks (D:10)
  A fire bat (Volcano)
  Eustachio (D:4)
  A steam dragon (D:8)
  2 water moccasins
  A porcupine (Lair:1)
  An eye of draining (D:10)
  2 sky beasts
  An orc warrior (D:8)
  A phantom (D:9)
  6 ogres
  An ice beast (D:10)
  3 centaurs
  A crocodile (D:7)
  A big kobold (D:10)
  A gnoll sergeant (D:8)
  A bullfrog (D:6)
  A troll zombie (D:10)
  3 scorpions
  4 killer bees (D:10)
  6 howler monkeys
  A crimson imp (D:5)
  2 bullfrog zombies
  4 hounds
  A centaur skeleton (D:4)
  3 orc priests
  2 bullfrog skeletons
  Ijyb (D:2)
  4 iguanas
  15 orc wizards
  3 worker ants
  4 ogre zombies (D:10)
  A hound zombie (D:5)
  A worker ant zombie (D:3)
  2 howler monkey skeletons
  Robin (D:2)
  17 adders
  14 gnolls
  2 shadow imps
  2 adder skeletons
  An adder zombie (D:6)
  2 worms (D:2)
  4 dart slugs
  3 leopard geckos
  30 orcs
  3 ball pythons
  5 giant cockroaches
  11 goblins
  12 hobgoblins
  9 jackals
  5 quokkas
  8 bats
  5 frilled lizards
  3 hobgoblin zombies (D:10)
  13 kobolds
  A leopard gecko skeleton (D:4)
  3 orc zombies (D:10)
  A quokka skeleton (D:8)
  5 rats
255 creatures vanquished.

Vanquished Creatures (others)
  The ghost of Monsterracer the Severer, a novice MiBe of Trog (D:8)
  2 salamanders (Volcano)
  The ghost of Krapule the Sneak, a novice OpEn (D:4)
  A quasit (D:6)
  2 orc priests (D:6)
  An orc (D:6)
8 creatures vanquished.

Grand Total: 263 creatures vanquished

Notes
Turn   | Place    | Note
-------+----------+-------------------------------------------
     0 | Abyss:1  | mopl the Felid Abyssal Knight began the quest for the Orb.
     0 | Abyss:1  | Reached XP level 1. HP: 10/10 MP: 3/3
    48 | Abyss:2  | Noticed a neqoxec
    55 | Abyss:2  | Gained mutation: Potions and wands are less effective at restoring your health. [a neqoxec]
    70 | Abyss:2  | Gained mutation: Your body sometimes deteriorates upon taking damage. [a neqoxec]
    79 | Abyss:2  | Noticed a starcursed mass
    81 | Abyss:2  | Noticed a ynoxinul
   114 | Abyss:2  | Noticed an Executioner
   115 | Abyss:2  | Noticed a large abomination
   119 | D:1      | Escaped the Abyss
   452 | D:1      | Reached skill level 2 in Invocations
   498 | D:1      | Reached XP level 2. HP: 8/14 MP: 4/4
   506 | D:1      | Reached * piety under Lugonu
   582 | D:1      | Reached skill level 1 in Stealth
  1163 | D:1      | Reached skill level 3 in Unarmed Combat
  1163 | D:1      | Reached XP level 3. HP: 17/17 MP: 5/5
  1347 | D:2      | Found a faded altar of an unknown god.
  1401 | D:2      | Noticed Ijyb
  1413 | D:2      | Killed Ijyb
  1413 | D:2      | Reached skill level 2 in Stealth
  1467 | D:2      | Reached XP level 4. HP: 16/21 MP: 6/6
  1546 | D:2      | Reached ** piety under Lugonu
  1643 | D:2      | Noticed Robin
  2241 | D:3      | Reached skill level 4 in Unarmed Combat
  2344 | D:2      | Killed Robin
  2344 | D:2      | Reached skill level 3 in Stealth
  2344 | D:2      | Reached XP level 5. HP: 24/24 MP: 8/8
  2727 | D:3      | Reached skill level 3 in Invocations
  2951 | D:4      | Noticed Eustachio
  3018 | D:4      | Noticed Krapule's ghost (novice OpEn)
  3029 | D:5      | Entered Level 5 of the Dungeon
  3187 | D:5      | Gained mutation: You are covered in thick fur. (AC +2) [Felid growth]
  3187 | D:5      | Reached XP level 6. HP: 6/28 MP: 9/9
  3441 | D:5      | Reached *** piety under Lugonu
  3473 | D:5      | Reached skill level 5 in Unarmed Combat
  3955 | D:5      | Noticed Blork the orc
  3959 | D:5      | Banished Blork the orc
  4320 | D:5      | Found a sparkling altar of Nemelex Xobeh.
  4320 | D:5      | Found an opulent altar of Gozag.
  4321 | D:5      | Found a shattered altar of Ashenzari.
  4619 | D:6      | Reached skill level 4 in Stealth
  4619 | D:6      | Reached skill level 4 in Invocations
  4757 | D:6      | Reached XP level 7. HP: 26/31 MP: 11/11
  4861 | D:6      | Reached skill level 6 in Unarmed Combat
  5377 | D:7      | Found Kubeze's Distillery.
  5826 | D:6      | Reached skill level 5 in Stealth
  6602 | D:6      | Reached skill level 7 in Unarmed Combat
  6627 | D:6      | Reached XP level 8. HP: 13/34 MP: 12/12
  6874 | D:7      | Found a staircase to the Ecumenical Temple.
  6893 | D:7      | Reached skill level 5 in Invocations
  7045 | Temple   | Entered the Ecumenical Temple
  7261 | D:7      | Reached skill level 1 in Evocations
  7322 | D:7      | Bought a potion of mutation for 30 gold pieces
  7322 | D:7      | Bought a potion of degeneration for 12 gold pieces
  7322 | D:7      | Bought a potion of flight for 36 gold pieces
  7322 | D:7      | Bought a potion of curing for 36 gold pieces
  7322 | D:7      | Bought a potion of agility for 48 gold pieces
  7523 | D:7      | Found a white marble altar of Elyvilon.
  7661 | D:8      | Reached skill level 6 in Stealth
  7930 | D:8      | Reached skill level 8 in Unarmed Combat
  7930 | D:8      | Reached skill level 2 in Evocations
  7934 | D:8      | HP: 2/51 [orc wizard/puff of flame (7)]
  8504 | D:8      | Reached skill level 7 in Stealth
  8516 | D:8      | Noticed Monsterracer's ghost (novice MiBe)
  8596 | D:7      | Reached skill level 3 in Evocations
  8865 | D:6      | Reached skill level 6 in Invocations
  8865 | D:6      | Reached XP level 9. HP: 29/37 MP: 14/14
  8933 | D:4      | Banished Krapule's ghost
  9632 | D:4      | Found an iron altar of Okawaru.
  9634 | D:4      | Killed Eustachio
  9634 | D:4      | Reached skill level 9 in Unarmed Combat
  9733 | D:8      | Banished Monsterracer's ghost
  9733 | D:8      | Reached skill level 8 in Stealth
  9733 | D:8      | Reached skill level 4 in Evocations
  9795 | D:8      | Found Gouf's Book Emporium.
  9803 | D:8      | Bought a book of Maledictions for 300 gold pieces
  9806 | D:8      | Learned a level 2 spell: Ensorcelled Hibernation
  9810 | D:8      | Learned a level 3 spell: Confuse
  9814 | D:8      | Learned a level 3 spell: Tukima's Dance
  9847 | D:8      | Reached skill level 1 in Hexes
 10015 | D:8      | Reached skill level 2 in Hexes
 10070 | D:8      | Reached skill level 3 in Hexes
 10105 | D:8      | Reached **** piety under Lugonu
 10770 | D:9      | Reached skill level 1 in Ice Magic
 10924 | D:9      | Reached skill level 4 in Hexes
 11147 | D:10     | Entered Level 10 of the Dungeon
 11147 | D:10     | Found a staircase to the Lair.
 11210 | D:10     | Noticed an unseen horror
 11226 | D:10     | Killed an unseen horror
 11226 | D:10     | Reached skill level 10 in Unarmed Combat
 11226 | D:10     | Reached skill level 5 in Hexes
 11226 | D:10     | Reached skill level 7 in Invocations
 11226 | D:10     | Reached XP level 10. HP: 35/42 MP: 7/16
 11298 | D:10     | Reached skill level 9 in Stealth
 11298 | D:10     | Reached skill level 2 in Ice Magic
 11314 | D:10     | Reached skill level 1 in Spellcasting
 11621 | D:10     | Noticed Josephine
 11652 | D:10     | Reached skill level 6 in Hexes
 12013 | D:10     | Found a staircase to the Orcish Mines.
 12344 | D:10     | Reached skill level 7 in Hexes
 12473 | D:10     | Reached skill level 2 in Spellcasting
 12642 | Lair:1   | Entered Level 1 of the Lair of Beasts
 12743 | Lair:1   | Noticed a spiny frog
 12751 | Lair:1   | Killed a spiny frog
 12751 | Lair:1   | Reached skill level 3 in Ice Magic
 12753 | Lair:1   | Found a dark tunnel.
 12757 | Volcano  | Entered a volcano
 12789 | Volcano  | Killed from afar by a lava snake
 12790 | Volcano  | Reached XP level 9. HP: -18/37 MP: 3/15
 13081 | Volcano  | Noticed a salamander
 13081 | Volcano  | Noticed a salamander
 13084 | Volcano  | Killed a salamander
 13084 | Volcano  | Reached XP level 10. HP: 42/42 MP: 16/16
 13105 | Volcano  | Noticed a salamander
 13107 | Volcano  | HP: 3/63 [salamander/enchanted trident (15)]
 13108 | Volcano  | Noticed a hell knight
 13108 | Volcano  | Mangled by a salamander
 13109 | Volcano  | Reached XP level 9. HP: -11/55 MP: 14/15
 13114 | Volcano  | Noticed a salamander
 13119 | Volcano  | Banished a salamander
 13119 | Volcano  | Reached skill level 8 in Hexes
 13125 | Volcano  | Noticed a salamander
 13126 | Volcano  | Banished a salamander
 13143 | Volcano  | Noticed a molten gargoyle
 13144 | Volcano  | Reached skill level 11 in Invocations
 13144 | Volcano  | Reached XP level 10. HP: 8/42 MP: 3/19
 13144 | Volcano  | Demolished by a hell knight

Skill      XL: |  1  2  3  4  5  6  7  8  9 10 |
---------------+-------------------------------+-----
Invocations    | 2 3 4 6 11 | 11.0
Stealth        | 1 2 3 4 5 7 8 9 |  9.9
Unarmed Combat | 3 4 5 7 8 10 | 10.8
Evocations     | 3 4 |  4.0
Hexes          | 8 7 |  8.1
Ice Magic      | 1 3 |  3.0
Spellcasting   | 2 |  2.7
Fighting       | |  3.0
Dodging        | |  3.2

Action                   |  1- 3 |  4- 6 |  7- 9 | 10-12 || total
-------------------------+-------+-------+-------+-------++-------
Melee: Unarmed           |   111 |   208 |   452 |   170 ||   941
       Bite              |     7 |    18 |    23 |    15 ||    63
       Punch             |       |     1 |    15 |     6 ||    22
 Cast: Ensorcelled Hiber |       |       |    21 |    21 ||    42
       Confuse           |       |       |     6 |     8 ||    14
Invok: Depart the Abyss  |     1 |       |       |       ||     1
       Banish            |       |     1 |    12 |       ||    13
 Abil: Evoke Berserk Rag |       |       |    14 |     4 ||    18
Evoke: Wand              |     3 |     4 |     4 |       ||    11
  Use: Potion            |       |       |     1 |       ||     1
 Stab: Sleeping          |     4 |    14 |    18 |    11 ||    47
       Paralysed         |     6 |     4 |       |       ||    10
       Distracted        |       |     3 |     3 |     1 ||     7
       Confused          |       |       |       |     5 ||     5
  Eat: Chunk             |     8 |     6 |    36 |    10 ||    60
Armor: Skin              |     7 |     9 |    27 |     9 ||    52
Dodge: Dodged            |    65 |   121 |   364 |    99 ||   649
Block: Other             |    26 |    37 |    32 |       ||    95
